 Dungeon Crawl Stone Soup version 0.27-a0-633-gc6addc0a40 (webtiles) character file.

Game seed: 12289368120565324274

133 rlunger the Sneak (level 4, -11/33 HPs)
             Began as a Vampire Brigand on Mar 14, 2021.
             Killed by divine providence
             ... invoked by an orc priest
              (12 damage)
             ... on level 3 of the Dungeon.
             The game lasted 00:16:21 (1755 turns).

rlunger the Sneak (Vampire Brigand)                 Turns: 1755, Time: 00:16:22

Health: -11/33     AC:  8    Str: 11    XL:     4   Next: 94%
Magic:  4/4        EV: 10    Int: 13    God:
Gold:   133        SH:  0    Dex: 15    Spells: 3/3 levels left

rFire    + . .     SeeInvis +   a - +3 dagger
rCold    . . .     Faith    .   (no shield)
rNeg     . . .     Spirit   .   j - +2 ring mail
rPois    .         Reflect  .   (no helmet)
rElec    .         Harm     .   c - +0 cloak
rCorr    .         Rampage  .   (no gloves)
Will     .....                  (no boots)
Stlth    +++.......             (no amulet)
HPRegen  0.31/turn              h - ring of protection from fire
MPRegen  0.09/turn              (no ring)

@: about to teleport, regenerating quickly
A: alive, fangs 3, see invisible, unbreathing 1, vampiric 2
a: Exsanguinate


You were on level 3 of the Dungeon.
You visited 1 branch of the dungeon, and saw 3 of its levels.

You collected 133 gold pieces.

Inventory:

Hand Weapons
 a - a +3 dagger (weapon)
Missiles
 f - 15 bolts
 i - 5 javelins (quivered)
 n - 84 stones
Armour
 b - a +0 robe
 c - a +0 cloak (worn)
 j - a +2 ring mail (worn)
Jewellery
 h - a ring of protection from fire (right hand)
 o - a ring of ice
Scrolls
 g - a scroll of random uselessness
 k - 2 scrolls of teleportation
Potions
 m - a potion of berserk rage


   Skills:
 + Level 2.0 Fighting
 + Level 3.0 Short Blades
 + Level 2.6 Throwing
 + Level 0.4 Armour
 + Level 1.3 Dodging
 + Level 7.5 Stealth


You had 3 spell levels left.
You didn't know any spells.
Your spell library was empty.

Dungeon Overview and Level Annotations

Branches:
Dungeon (3/15)

Altars:
Kikubaaqudgha


Innate Abilities, Weirdness & Mutations

Your natural rate of healing is unusually fast.
You have razor-sharp teeth.
You have supernaturally acute eyesight. (SInv)
You can survive without breathing.
You are afflicted with vampirism and can become a bat while bloodless.


Message History

Throw: dart (poison)
Press: ? - help, Q - select action, (/) - cycle Shift-Dir - straight line, f - orc
Aim: an orc, wielding a +0 flail and wearing a +0 ring mail (64% to hit)
You throw a poisoned dart.
The poisoned dart barely misses the orc.
The poisoned dart hits the orc wizard.
The orc wizard is poisoned.
You hit the orc.
The orc is severely wounded.
The orc hits you but does no damage.
You closely miss the orc.
The orc is severely wounded.
You hit the orc wizard.
The orc wizard is moderately wounded.
You hit the orc wizard but do no damage.
The orc wizard is moderately wounded.
You feel sick.
The orc wizard points at you and mumbles some strange words.
The magic dart hits you.
Okay, then.
Okay, then.
You closely miss the orc wizard.
The orc wizard is moderately wounded.
The orc wizard gestures at you while chanting.
The magic dart hits you.
* * * LOW HITPOINT WARNING * * *
You feel better.
The orc wizard looks more healthy.
The orc wizard hits you but does no damage.
Your ring mail prevents you from hitting the orc wizard.
You bite the orc wizard.
The orc wizard is heavily wounded.
The orc priest invokes the aid of Beogh against you.
Beogh smites you!
* * * LOW HITPOINT WARNING * * *
The orc wizard closely misses you.
Okay, then.
As you read the scroll of teleportation, it crumbles to dust.
You feel strangely unstable. The orc wizard barely misses you.
The orc priest mumbles some strange prayers to Beogh against you.
Beogh smites you!
You die...

#.#. #.# #(... .....
#.# #...o #### #.##.
#.# #(..o #...
#.##.#+#.# #.(..#
###...##.##.....####
+.((..
....................
...(.
.........##.....#.##
#..#######....#.....#.#
#..ooo.@†'......#.#.#.#
#..(######....###.#.#.#
#.(.# #......'...#.#.#
#...####+#....#####.#.#
#...##....##### #....
#...##....# ###.#
#...##....# #...##.†..#
#....#


You could see an orc priest, an orc wizard (invisible) and an orc.

Vanquished Creatures
  An iguana (D:2)
  An orc wizard (D:3)
  An adder (D:3)
  An ooze (D:1)
  3 worms
  3 dart slugs
  An orc (D:3)
  2 ball pythons
  4 giant cockroaches (D:2)
  4 goblins
  6 hobgoblins
  2 jackals (D:1)
  2 quokkas (D:2)
  8 bats
  4 frilled lizards
  5 kobolds
  9 rats
57 creatures vanquished.

Notes
Turn   | Place    | Note
-------+----------+-------------------------------------------
     0 | D:1      | rlunger the Vampire Brigand began the quest for the Orb.
     0 | D:1      | Reached XP level 1. HP: 16/16 MP: 1/1
    43 | D:1      | Reached skill level 6 in Stealth
   148 | D:1      | Reached XP level 2. HP: 22/22 MP: 2/2
   560 | D:1      | Reached skill level 7 in Stealth
   686 | D:1      | Gained mutation: You are afflicted with vampirism and can
                  | become a bat while bloodless. [Vampire growth]
   686 | D:1      | Reached XP level 3. HP: 21/27 MP: 3/3
   992 | D:2      | Reached XP level 4. HP: 22/33 MP: 4/4
  1082 | D:2      | Found an ancient bone altar of Kikubaaqudgha.
  1753 | D:3      | HP: 1/33 [orc priest/divine providence (13)]
  1755 | D:3      | Killed from afar by an orc priest

Illustrated notes

Levels and vault maps discovered:
D:1:      tarquinn_simple_flora_water_a, layout_basic, kennysheep_pointless_box
D:2:      layout_rooms, kiku_gazebo_pond_becter
D:3:      minmay_roachtagon, layout_basic, marbit_many_paths,
          kennysheep_okawaru_gauntlet, palyth_stone_intersect,
          nicolae_underground_beach

Skill      XL: |  1  2  3  4 |
---------------+-------------+-----
Stealth        | 6 7 |  7.5
Throwing       | 2 |  2.6
Fighting       | 2 |  2.0
Short Blades   | 3 |  3.0
Armour         | |  0.4
Dodging        | |  1.3

Action                   |  1- 3 |  4- 6 || total
-------------------------+-------+-------++-------
Melee: Dagger            |    59 |    63 ||   122
       Bite              |     5 |     8 ||    13
Throw: Dart              |    48 |    31 ||    79
       Stone             |       |    18 ||    18
  Use: Scroll            |     5 |     4 ||     9
       Potion            |     2 |     2 ||     4
 Stab: Sleeping          |     9 |     3 ||    12
Armor: Robe              |    14 |     1 ||    15
       Ring mail         |       |    12 ||    12
       Skin              |       |     2 ||     2
Dodge: Dodged            |    42 |    28 ||    70

Table legend: (Time is in decaauts)
 A = Elapsed time spent in this place.
 B = Non-inter-level travel time spent in this place.
 C = Inter-level travel time spent in this place.
 D = Time resting spent in this place.
 E = Time spent auto-exploring this place.
 F = Levels seen in this place.
 G = Mean time per level.
                   A        B        C        D        E       F      G
               +--------+--------+--------+--------+--------+-----+--------+
         Total |   1731 |   1643 |     88 |      0 |   1129 |   3 |  577.0 |
       Dungeon |   1731 |   1643 |     88 |      0 |   1129 |   3 |  577.0 |
               +--------+--------+--------+--------+--------+-----+--------+

Top non-repeatable levels by time:
     D:1: 833 daAuts
     D:2: 790 daAuts
     D:3: 107 daAuts
